 Dungeon Crawl Stone Soup version 0.29-a0-284-gf9362112df (webtiles) character file.

Game seed: 15259052386797819096

5651 drugrobin the Cleaver (level 10, -14/90 HPs)
             Began as a Demigod Fighter on Mar 30, 2022.
             Killed from afar by an orc (28 damage)
             ... with a bolt of acid
             ... on level 8 of the Dungeon.
             The game lasted 00:31:49 (10772 turns).

drugrobin the Cleaver (Demigod Fighter)            Turns: 10772, Time: 00:31:50

Health: -14/90     AC: 12    Str: 39    XL:     10   Next: 23%
Magic:  13/13      EV:  8    Int: 10    God:
Gold:   2153       SH:  9    Dex: 13    Spells: 9/9 levels left

rFire   + . .      SeeInvis .   a - +3 war axe
rCold   . . .      Faith    .   E - +0 buckler
rNeg    . . .      Spirit   .   O - +0 chain mail
rPois   .          Reflect  +   q - +0 helmet
rElec   .          Harm     .   (no cloak)
rCorr   .          Rampage  .   k - +2 pair of gloves "Feapirusch" {Will+ Str+4 Slay+3}
Will    ++...                   Q - +2 pair of boots {Fly}
Stlth   ..........              I - amulet of reflection
HPRegen 0.25/turn               i - +6 ring of strength
MPRegen 0.13/turn               L - ring of protection from fire

@: corroded, flying
A: high MP 1, forlorn, divine attributes
a: no special abilities


You were on level 8 of the Dungeon.
You visited 1 branch of the dungeon, and saw 8 of its levels.
You also visited: Sewer and Bailey.

You collected 2153 gold pieces.

Inventory:

Hand Weapons
 a - a +3 war axe (weapon)
 b - a +4 mace of freezing
 c - a +1 morningstar of freezing
 d - a +0 vorpal hand axe
 e - a +2 whip of electrocution
 v - a +1 dagger of venom
Missiles
 B - 26 poisoned darts
 P - 12 boomerangs (quivered)
Armour
 k - the +2 pair of gloves "Feapirusch" (worn) {Will+ Str+4 Slay+3}
   (You acquired it on level 8 of the Dungeon)

   Str:       It affects your strength (+4).
   Slay:      It affects your accuracy & damage with ranged weapons and melee
   (+3).
   Will:      It increases your willpower.
 q - a +0 helmet (worn)
 s - the +1 robe of Ifeokida {rElec rC+ Str+3}
   (You took it off an orc wizard on level 8 of the Dungeon)

   Str:       It affects your strength (+3).
   rC:        It protects you from cold.
   rElec:     It insulates you from electricity.
 E - a +0 buckler (worn)
 O - a +0 chain mail (worn)
 Q - a +2 pair of boots of flying (worn)
Jewellery
 i - a +6 ring of strength (left hand)
 p - a ring of poison resistance
 I - an amulet of reflection (around neck)
 L - a ring of protection from fire (right hand)
Wands
 j - a wand of iceblast (3)
Scrolls
 f - a scroll of torment {unknown}
 l - 2 scrolls of blinking
 r - a scroll of noise {unknown}
 t - a scroll of magic mapping {unknown}
 u - 2 scrolls of brand weapon {unknown}
 x - 2 scrolls of teleportation
 y - 2 scrolls of enchant weapon {unknown}
 z - 2 scrolls of holy word {unknown}
 A - 2 scrolls of fear
 C - a scroll of enchant armour
 K - 4 scrolls of fog
 U - a scroll of immolation
Potions
 g - 2 potions of cancellation
 h - 5 potions of curing
 o - a potion of attraction {unknown}
 w - 2 potions of heal wounds
 D - a potion of lignification {unknown}
 F - 2 potions of might
 G - a potion of ambrosia {unknown}
 J - a potion of haste {unknown}
 M - a potion of brilliance {unknown}
 N - a potion of mutation {unknown}


   Skills:
 + Level 8.8 Fighting
 * Level 11.9 Axes
 - Level 2.6 Armour
 - Level 2.6 Shields


You had 9 spell levels left.
You didn't know any spells.
Your spell library contained the following spells:

 Spells                   Type           Power      Damage    Failure   Level
 Foxfire                  Conj/Fire      0%         2x1d4     88%         1
 Sublimation of Blood     Necr           0%         N/A       95%         2
 Wereblood                Tmut           0%         N/A       95%         2
 Conjure Flame            Conj/Fire      0%         6-21      99%         3
 Gell's Gravitas          Tloc           0%         N/A       99%         3
 Inner Flame              Hex/Fire       0%         N/A       99%         3
 Teleport Other           Tloc           0%         N/A       99%         3
 Tukima's Dance           Hex            0%         N/A       99%         3
 Anguish                  Hex/Necr       0%         N/A       100%        4
 Flame Wave               Conj/Fire      0%         2d4       100%        4
 Dispersal                Tloc           0%         N/A       100%        6
 Enfeeble                 Hex            0%         N/A       100%        7
 Summon Hydra             Summ           0%         N/A       100%        7


Dungeon Overview and Level Annotations

Branches:
Dungeon (8/15)             Temple (0/1) D:6           Sewer (visited)
 Bailey (visited)
   Lair: D:8-11

Shops:
D:7 *

Annotations:
D:6 3 runed translucent doors, garrulousMonolith's ghost, novice GrEE


Innate Abilities, Weirdness & Mutations

You have an increased reservoir of magic. (+10% MP)
You shall have no god before yourself.
Your divine heritage dramatically boosts your attributes as you level up.


Message History

The orc warrior hits you with a +0 glaive.
You hit the orc warrior.
The orc warrior is severely wounded.
You block the orc warrior's attack.
You hit the orc warrior but do no damage.
The orc warrior is severely wounded.
The orc warrior hits you with a +0 glaive.
You closely miss the orc warrior.
The orc warrior is severely wounded.
The orc warrior hits you but does no damage.
You hit the orc warrior but do no damage.
The orc warrior is severely wounded.
The orc warrior barely misses you.
You hit the orc warrior.
The orc warrior is almost dead.
The orc warrior hits you with a +0 glaive!
You hit the orc warrior but do no damage.
The orc warrior is almost dead.
The orc warrior hits you with a +0 glaive!
* * * LOW HITPOINT WARNING * * *
You barely miss the orc warrior.
The orc warrior is almost dead.
The orc warrior completely misses you.
The orc shouts!
You slash the orc warrior!
You kill the orc warrior!
You slice the orc!!
You kill the orc!
The orc zaps a wand.
The bolt of acid hits you!
* * * LOW HITPOINT WARNING * * *
The acid corrodes you!
Unknown command.
Unknown command.
You block the orc's attack.
Items here: ( )))) [[ †.
Unknown command.
Unknown command.
You hit the orc but do no damage.
The orc zaps a wand.
The bolt of acid hits you!!
You die...

............................).)†.
...........†..##.#####.##########
#.###########.##.# #.####### #
#.###########.##(# #.))[†..# #
#...........#.##.###########.####
.................................
###########...##)#.......#...####
######o#.#####.#.#.#
#@#....##.#.#.# #.#....##.#.#.#
######)#....##)#.######
#.....<.............†.#
#........#.#.#......#†#
#........#.#.########.#
#..........#.# #.#
###########........#.#.########..
...................#.............


You could see an orc.

Vanquished Creatures
  Pikel (D:4)
  Joseph (D:8)
  A komodo dragon (D:8)
  A red devil (D:5)
  A wyvern (D:8)
  2 steam dragons (D:7)
  2 basilisks (D:8)
  2 acid dragons (D:8)
  2 water moccasins
  6 orc warriors
  An ogre (D:5)
  A wolf (Bailey)
  A centaur (D:5)
  A phantom (D:5)
  3 kobold brigands
  3 bullfrogs
  A necrophage (D:5)
  5 scorpions
  4 wights (D:8)
  10 killer bees
  5 howler monkeys
  A jelly (D:6)
  5 orc priests
  8 hounds
  4 iguanas
  4 orc wizards
  Robin (D:2)
  2 gnolls
  8 adders
  3 river rats (Sewer)
  A white imp (D:6)
  An ufetubus (D:5)
  A dart slug (D:2)
  19 orcs
  9 bats
  6 endoplasms
  7 giant cockroaches
  20 goblins
  10 hobgoblins
  9 jackals
  26 kobolds
  9 quokkas
  12 ball pythons
  3 frilled lizards
  2 rats
225 creatures vanquished.

Vanquished Creatures (others)
  An orc wizard (D:8)
1 creature vanquished.

Grand Total: 226 creatures vanquished

Notes
Turn   | Place    | Note
-------+----------+-------------------------------------------
     0 | D:1      | drugrobin the Demigod Fighter began the quest for the Orb.
     0 | D:1      | Reached XP level 1. HP: 18/18 MP: 3/3
    63 | D:1      | Reached skill level 2 in Axes
   249 | D:1      | Reached XP level 2. HP: 22/25 MP: 4/4
  1125 | D:1      | Reached skill level 3 in Axes
  1125 | D:1      | Reached XP level 3. HP: 31/31 MP: 5/5
  2363 | D:2      | Noticed Robin
  2380 | D:2      | Killed Robin
  2765 | D:3      | Reached XP level 4. HP: 38/38 MP: 6/6
  3340 | D:4      | Found a glowing drain.
  3377 | D:4      | Noticed a lemure
  3377 | D:4      | Noticed a lemure
  3378 | D:4      | Noticed Pikel
  3378 | D:4      | Noticed a lemure
  3378 | D:4      | Noticed a lemure
  3387 | Sewer    | Entered a sewer
  3709 | Sewer    | Reached skill level 4 in Axes
  3836 | Sewer    | Reached XP level 5. HP: 45/46 MP: 7/7
  4664 | D:4      | Reached skill level 5 in Axes
  4741 | D:4      | Killed Pikel
  4742 | D:4      | Reached skill level 5 in Fighting
  4742 | D:4      | Reached skill level 6 in Axes
  4742 | D:4      | Reached XP level 6. HP: 25/56 MP: 8/8
  4742 | D:4      | Reached XP level 7. HP: 28/61 MP: 9/9
  5386 | D:4      | Reached skill level 7 in Axes
  5743 | D:5      | Entered Level 5 of the Dungeon
  5870 | D:5      | Reached XP level 8. HP: 55/70 MP: 10/10
  6068 | D:5      | Noticed Grinder
  6310 | D:5      | Reached skill level 8 in Axes
  6431 | D:5      | Noticed Grinder
  6431 | D:5      | Grinder changed into Grinder the red devil
  6539 | D:6      | Found a runed translucent gate.
  6539 | D:6      | Found a runed translucent gate.
  6539 | D:6      | Found a runed translucent gate.
  6540 | D:6      | Noticed a kobold demonologist
  6541 | D:6      | Noticed garrulousMonolith's ghost (novice GrEE)
  6883 | D:6      | Found a staircase to the Ecumenical Temple.
  7749 | D:7      | Reached skill level 9 in Axes
  7827 | D:7      | Found Guulieq's Mass Market.
  7869 | D:7      | Reached XP level 9. HP: 43/79 MP: 11/11
  7943 | D:7      | Found a flagged portal.
  7956 | Bailey   | Entered a bailey
  8177 | Bailey   | Reached skill level 10 in Axes
  8887 | D:5      | Killed Grinder the red devil
  9196 | D:8      | Noticed Joseph
  9233 | D:8      | Killed Joseph
  9415 | D:8      | Reached skill level 11 in Axes
  9458 | D:8      | Identified a scroll of acquirement
  9459 | D:8      | Acquired the +2 pair of gloves "Feapirusch" {Will+ Str+4
                  | Slay+3}
 10257 | D:8      | Reached XP level 10. HP: 90/90 MP: 13/13
 10544 | D:8      | Identified the +1 robe of Ifeokida {rElec rC+ Str+3}
 10772 | D:8      | Killed from afar by an orc

Illustrated notes

Levels and vault maps discovered:
D:1:      lightli_arrival_lavapool, layout_loops_cross,
          hangedman_decor_peaks_small
D:2:      layout_basic, shapermc_ecumenical_altar_pompeii, hex_intersection,
          amcnicky_mini_rare_corridor_liquid, minivault_25, uniq_robin
D:3:      layout_loops_ring, marbit_many_paths
D:4:      layout_basic, mainiacjoe_overflow_surrounded_room,
          portal_sewer_entry_f, kennysheep_orc_chapel, uniq_pikel
D:5:      layout_rooms, uniq_grinder
D:6:      layout_basic, minmay_temple_entry_junction_2,
          gammafunk_ghost_nasty_kobolds
D:7:      minmay_octagon_keep, layout_basic, enter_bailey_3,
          lightli_ossuary_entry_decrepit_ruins, minmay_shop_mass
D:8:      layout_basic, elyvilon_altar_3, erik_lair_dragon, uniq_joseph

Skill      XL: |  1  2  3  4  5  6  7  8  9 |
---------------+----------------------------+-----
Axes           | 2 3 4 6 7 9 11 | 11.9
Fighting       | 3 5 7 8 |  8.8
Armour         | |  2.6
Shields        | |  2.6

Action                   |  1- 3 |  4- 6 |  7- 9 | 10-12 || total
-------------------------+-------+-------+-------+-------++-------
Melee: War axe           |    99 |    60 |   275 |    45 ||   479
       Mace              |       |    98 |       |       ||    98
       Morningstar       |       |       |     1 |       ||     1
       Whip              |       |       |   103 |       ||   103
       Dagger            |       |       |    15 |       ||    15
Throw: Stone             |     6 |     1 |    12 |       ||    19
       Dart              |       |     4 |    15 |     8 ||    27
       Boomerang         |       |       |     6 |     3 ||     9
Evoke: Wand              |       |       |     6 |       ||     6
  Use: Potion            |       |     1 |     4 |       ||     5
       Scroll            |       |       |    11 |     1 ||    12
 Stab: Distracted        |     1 |       |       |       ||     1
Armor: Scale mail        |    42 |    97 |    81 |       ||   220
       Chain mail        |       |       |    67 |    10 ||    77
Dodge: Dodged            |    39 |    78 |   128 |     8 ||   253
Block: Buckler           |    13 |    41 |   161 |     6 ||   221
       Reflection        |       |       |    18 |       ||    18

Table legend: (Time is in decaauts)
 A = Elapsed time spent in this place.
 B = Non-inter-level travel time spent in this place.
 C = Inter-level travel time spent in this place.
 D = Time resting spent in this place.
 E = Time spent auto-exploring this place.
 F = Levels seen in this place.
 G = Mean time per level.
                   A        B        C        D        E       F      G
               +--------+--------+--------+--------+--------+-----+--------+
         Total |  11080 |  10670 |    410 |   1582 |   5159 |  10 | 1108.0 |
       Dungeon |   9390 |   8980 |    410 |   1317 |   4558 |   8 | 1173.8 |
         Sewer |   1159 |   1159 |      0 |    265 |    406 |   1 | 1159.0 |
        Bailey |    531 |    531 |      0 |      0 |    195 |   1 |  531.0 |
               +--------+--------+--------+--------+--------+-----+--------+

Top non-repeatable levels by time:
     D:2: 1757 daAuts
     D:8: 1610 daAuts
     D:4: 1492 daAuts
     D:5: 1175 daAuts
   Sewer: 1159 daAuts
     D:6: 1121 daAuts
     D:1: 911 daAuts
     D:3: 782 daAuts
     D:7: 540 daAuts
  Bailey: 531 daAuts
